Construct Section Command Post
Construct Platoon Command Post
Unlock M3 Stuart Light Tanks
Construct Field Infirmary
6-pounder Anti-tank Gun Team
6-pounder Anti-tank Gun Team
Selects Australian Defense Battlegroup
Selects Australian Light Infantry Section
Selects 2-pounder Anti-tank Gun Team
Australian Light Infantry Section
Selects Vehicle Over Repair
Selects CMP 15cwt Supply Run
Construct Company Command Post